 Dungeon Sprint DCSS version 0.30-a0-170-g85af917532 (webtiles) character file.

Game seed: 12754032588135468272

2543 howech the Unseen (level 9, -1/50 HPs)
             Began as a Spriggan Brigand on Sept 30, 2022.
             Was a Believer of Uskayaw.
             Slain by a demonic crawler (8 damage)
             ... in the Dungeon (Sprint I: "Red Sonja").
             The game lasted 00:08:18 (819 turns).

howech the Unseen (Spriggan Brigand)                 Turns: 819, Time: 00:08:19

Health: -1/50      AC:  3    Str:  7    XL:     9   Next: 30%
Magic:  10/10      EV: 26    Int: 12    God:    Uskayaw [**....]
Gold:   633        SH:  0    Dex: 21    Spells: 8/8 levels left

rFire   . . .      SeeInvis +    a - +2 dagger
rCold   . . .      Faith    .    (no shield)
rNeg    . . .      Spirit   .    b - +0 robe
rPois   .          Reflect  .    (helmet restricted)
rElec   .          Harm     .    c - +0 cloak
rCorr   .          Rampage  .    (gloves unavailable)
Will    +....      NoTele   +    (boots unavailable)
Stlth   +++++++...               (no amulet)
HPRegen 0.16/turn                (no ring)
MPRegen 0.12/turn                (no ring)

@: hasted, very quick
A: very small, no large weapons, unfitting armour, see invisible, speed 3
a: Renounce Religion, Stomp, Line Pass


You were in the Dungeon.
You worshipped Uskayaw.
Uskayaw was noncommittal.
You visited 1 branch You collected 646 gold pieces.
You spent 13 gold pieces at shops.

Inventory:

Hand Weapons
 a - a +2 dagger (weapon)
Missiles
 d - 8 poisoned darts
 e - 3 curare-tipped darts (quivered)
Armour
 b - a +0 robe (worn)
 c - a +0 cloak (worn)
Wands
 f - a wand of flame (25)
 l - a wand of paralysis (11)
Scrolls
 k - a scroll of blinking
 n - a scroll of identify {unknown}
Potions
 g - 2 potions of heal wounds
 i - 3 potions of magic
 m - a potion of curing


   Skills:
 + Level 7.3 Fighting
 + Level 9.7 Short Blades
 + Level 8.6 Throwing
 + Level 10.9 Dodging
 * Level 18.6 Stealth
 + Level 8.6 Evocations


You had 8 spell levels left.
You didn't know any spells.
Your spell library was empty.

Dungeon Overview and Level Annotations

Branches:
Dungeon (1/1)

Altars:
Cheibriados
Dithmenos
Elyvilon
Fedhas
Gozag
Hepliaklqana
Kikubaaqudgha
Makhleb
Nemelex Xobeh
Okawaru
Qazlal
Ru
Sif Muna
Trog
Uskayaw
Vehumet
Wu Jian
Xom
Yredelemnul
Zin
The Shining One
Jiyva
Lugonu

Shops:
D !([


Innate Abilities, Weirdness & Mutations

You are very small and have problems with some larger weapons.
You are too small for most types of armour.
You have supernaturally acute eyesight. (SInv)
You cover ground extremely quickly. (Speed+++)


Message History

You can now pass through a line of other dancers.
Unknown command.
You hit the demonic crawler but do no damage.
The demonic crawler barely misses you. The demonic crawler closely misses you.
The demonic crawler completely misses you.
You hit the demonic crawler but do no damage.
The demonic crawler completely misses you.
The demonic crawler hits you!
The demonic crawler completely misses you.
You hit the demonic crawler.
The demonic crawler is lightly wounded.
The demonic crawler shrieks in warning!
The demonic crawler completely misses you.
The demonic crawler closely misses you. The demonic crawler barely misses you.
You hit the demonic crawler.
The demonic crawler is lightly wounded.
You hit the demonic crawler.
The demonic crawler is lightly wounded.
The demonic crawler hits you.
The demonic crawler completely misses you.
The demonic crawler barely misses you.
You hit the demonic crawler but do no damage.
The demonic crawler is lightly wounded.
Things that are here:
a +0 dagger; a +0 robe; a kobold skeleton You barely miss the demonic crawler.
The demonic crawler is lightly wounded.
The demonic crawler completely misses you.
The demonic crawler hits you! The demonic crawler hits you.
* * * LOW HITPOINT WARNING * * *
Unknown command.
There is an open door, spattered with blood here.
The demonic crawler shrieks in warning!
You hear a shout!
You feel yourself speed up.
You hear a shout!
The demonic crawler misses you. The demonic crawler hits you!
* * * LOW HITPOINT WARNING * * *
The demonic crawler hits you!
You die...

######################
..'..#.['..#__#..s)..#
).#.)'..#..'..'.@#)s.##+#
####'#####'#__####...'†.#
###..#...#(#### #####..+
__####..##[# +##
_____##'#_.+ _.∩...'..._#
_..__##_.#'##+###
_____###'#.#....###
########.####'###[##


You could see a demonic crawler.

Vanquished Creatures
  Sonja (D)
  A deep troll (D)
  2 kobold demonologists (D)
  A demonic crawler (D)
  A slime creature (D)
  A yak (D)
  Sigmund (D)
  A floating eye (D)
  An ogre (D)
  A jelly (D)
  Ijyb (D)
12 creatures vanquished.

Notes
Turn   | Place    | Note
-------+----------+-------------------------------------------
     0 | D        | howech the Spriggan Brigand began the quest for the Orb.
     0 | D        | Reached XP level 1. HP: 10/10 MP: 2/2
   102 | D        | Noticed Ijyb
   108 | D        | Killed Ijyb
   109 | D        | Reached skill level 8 in Stealth
   109 | D        | Reached XP level 2. HP: 16/16 MP: 3/3
   115 | D        | Noticed an ogre
   117 | D        | Killed an ogre
   118 | D        | Reached skill level 10 in Stealth
   118 | D        | Reached XP level 3. HP: 20/20 MP: 4/4
   118 | D        | Reached XP level 4. HP: 24/24 MP: 5/5
   126 | D        | Noticed Sigmund
   129 | D        | Killed Sigmund
   130 | D        | Reached skill level 5 in Throwing
   130 | D        | Reached skill level 12 in Stealth
   130 | D        | Reached XP level 5. HP: 30/30 MP: 6/6
   141 | D        | Found an ornate altar of the Wu Jian Council.
   141 | D        | Found a shimmering blue altar of Sif Muna.
   143 | D        | Found a radiant altar of Vehumet.
   148 | D        | Reached XP level 6. HP: 34/34 MP: 7/7
   168 | D        | Found Erheclu's Weapon Emporium.
   168 | D        | Found an ancient bone altar of Kikubaaqudgha.
   168 | D        | Found a hazy altar of Hepliaklqana.
   168 | D        | Found a hide-covered altar of Uskayaw.
   168 | D        | Found a basalt altar of Yredelemnul.
   168 | D        | Found an opulent altar of Gozag.
   168 | D        | Found a snail-covered altar of Cheibriados.
   168 | D        | Found a sacrificial altar of Ru.
   168 | D        | Found a shadowy altar of Dithmenos.
   168 | D        | Noticed a yak
   169 | D        | Found a stormy altar of Qazlal.
   169 | D        | Found a blossoming altar of Fedhas.
   169 | D        | Found a bloodstained altar of Trog.
   169 | D        | Found an iron altar of Okawaru.
   169 | D        | Found a glowing golden altar of the Shining One.
   169 | D        | Found a glowing silver altar of Zin.
   169 | D        | Found a white marble altar of Elyvilon.
   194 | D        | Killed a yak
   195 | D        | Reached skill level 5 in Fighting
   195 | D        | Reached skill level 13 in Stealth
   214 | D        | Found a sparkling altar of Nemelex Xobeh.
   225 | D        | Became a worshipper of Uskayaw the Reveller
   413 | D        | Noticed Sonja
   417 | D        | Killed Sonja
   417 | D        | Reached * piety under Uskayaw
   418 | D        | Reached skill level 15 in Stealth
   418 | D        | Reached skill level 5 in Evocations
   418 | D        | Reached XP level 7. HP: 40/40 MP: 8/8
   431 | D        | Found Pieph's Distillery.
   439 | D        | Bought a potion of degeneration for 13 gold pieces
   452 | D        | Noticed a deep troll
   484 | D        | Killed a deep troll
   484 | D        | Reached ** piety under Uskayaw
   485 | D        | Reached skill level 17 in Stealth
   485 | D        | Reached XP level 8. HP: 45/45 MP: 9/9
   521 | D        | Found Bain's Armour Emporium.
   556 | D        | Found a viscous altar of Jiyva.
   556 | D        | Found a corrupted altar of Lugonu.
   556 | D        | Noticed a slime creature
   557 | D        | Found a burning altar of Makhleb.
   557 | D        | Found a shimmering altar of Xom.
   559 | D        | Killed a slime creature
   560 | D        | Reached skill level 10 in Dodging
   572 | D        | Noticed a kobold demonologist
   573 | D        | Noticed a kobold demonologist
   575 | D        | Paralysed by a floating eye for 4 turns
   579 | D        | Noticed a rust devil
   581 | D        | Noticed an ice devil
   587 | D        | Reached *** piety under Uskayaw
   588 | D        | Killed a kobold demonologist
   589 | D        | Killed a kobold demonologist
   589 | D        | Reached **** piety under Uskayaw
   590 | D        | Reached skill level 18 in Stealth
   590 | D        | Reached XP level 9. HP: 22/50 MP: 10/10
   591 | D        | Reached ***** piety under Uskayaw
   804 | D        | Noticed a demonic crawler
   804 | D        | Noticed a demonic crawler
   804 | D        | Noticed a demonic crawler
   804 | D        | Noticed a demonic crawler
   806 | D        | Killed a demonic crawler
   819 | D        | Slain by a demonic crawler

Illustrated notes

Levels and vault maps discovered:
D:        dungeon_sprint_1 [red_sonja_temple_1, red_sonja_temple_small_1]

Skill      XL: |  1  2  3  4  5  6  7  8 |
---------------+-------------------------+-----
Fighting       | 2 3 4 6 7 |  7.3
Short Blades   | 3 4 6 8 9 |  9.7
Throwing       | 3 4 5 7 8 |  8.6
Dodging        | 3 4 6 8 9 10 | 10.9
Stealth        | 8 10 12 15 17 18 | 18.6
Evocations     | 5 6 8 |  8.6

Action                   |  1- 3 |  4- 6 |  7- 9 || total
-------------------------+-------+-------+-------++-------
Melee: Dagger            |     4 |     5 |    22 ||    31
       Punch             |       |       |     1 ||     1
Throw: Dart              |     2 |    11 |    13 ||    26
Evoke: Wand              |       |     1 |     1 ||     2
  Use: Potion            |     1 |       |     2 ||     3
 Stab: Sleeping          |     1 |     3 |     2 ||     6
       Paralysed         |       |       |     3 ||     3
Armor: Robe              |       |       |     1 ||     1
Dodge: Dodged            |     1 |       |    16 ||    17

Table legend: (Time is in decaauts)
 A = Elapsed time spent in this place.
 B = Non-inter-level travel time spent in this place.
 C = Inter-level travel time spent in this place.
 D = Time resting spent in this place.
 E = Time spent auto-exploring this place.
 F = Levels seen in this place.
 G = Mean time per level.
                   A        B        C        D        E       F      G
               +--------+--------+--------+--------+--------+-----+--------+
         Total |    729 |    729 |      0 |    496 |      0 |   1 |  729.0 |
       Dungeon |    729 |    729 |      0 |    496 |      0 |   1 |  729.0 |
               +--------+--------+--------+--------+--------+-----+--------+

Top non-repeatable levels by time:
       D: 729 daAuts
